 Dungeon Crawl Stone Soup version 0.26.1-11-gd32895ea62 (webtiles) character file.

Game seed: 643875488399305758

112 Zeld the Digger (level 4, -1/24 HPs)
             Began as a Gargoyle Earth Elementalist on Sept 23, 2021.
             Slain by a bullfrog zombie (2 damage)
             ... on level 3 of the Dungeon.
             The game lasted 00:05:43 (2861 turns).

Zeld the Digger (Gargoyle Earth Elementalist)       Turns: 2861, Time: 00:05:44

Health: -1/24      AC:  8    Str: 11    XL:     4   Next: 93%
Magic:  2/8        EV: 12    Int: 17    God:
Gold:   131        SH:  0    Dex: 10    Spells: 2/8 levels left

rFire    . . .     SeeInvis .   (no weapon)
rCold    . . .     Faith    .   (no shield)
rNeg     + . .     Spirit   .   c - +0 robe
rPois    ∞         Reflect  .   (no helmet)
rElec    +         Harm     .   (no cloak)
rCorr    .         Rampage  .   f - +2 pair of gloves
Will     .....                  (no boots)
Stlth    ++........             (no amulet)
HPRegen  0.08/turn              (no ring)
MPRegen  0.11/turn              (no ring)

@: no status effects
A: negative energy resistance 1, electricity resistance, unbreathing,
petrification resistance, miasma immunity, AC +3
a: no special abilities


You were on level 3 of the Dungeon.
You visited 1 branch of the dungeon, and saw 3 of its levels.

You collected 131 gold pieces.

Inventory:

Armour
 c - a +0 robe (worn)
 f - a +2 pair of gloves (worn)
Scrolls
 a - 3 scrolls of teleportation {unknown}
 d - a scroll of magic mapping {unknown}
 g - 3 scrolls of remove curse {unknown}
 i - a scroll of enchant armour {unknown}
 l - a scroll of enchant weapon {unknown}
 m - 2 scrolls of identify {unknown}
 n - 2 scrolls of fear {unknown}
 o - a scroll of immolation {unknown}
Potions
 e - a potion of haste {unknown}
 h - a potion of curing {unknown}
 j - a potion of flight {unknown}
 k - a potion of cancellation {unknown}


   Skills:
 + Level 1.4 Armour
 + Level 2.0 Dodging
 + Level 2.8 Stealth
 * Level 2.8 Spellcasting
 + Level 0.6 Conjurations
 - Level 1.0 Transmutations
 * Level 4.6 Earth Magic


You had 2 spell levels left.
You knew the following spells:

 Your Spells              Type           Power        Failure   Level
a - Sandblast             Erth           36%          2%          1
b - Passwall              Tmut/Erth      10%          9%          2
c - Stone Arrow           Conj/Erth      22%          19%         3

Your spell library contained the following spells:

 Spells                   Type           Power        Failure   Level
 Petrify                  Tmut/Erth      12%          50%         4
 Lee's Rapid Deconstruct  Erth           9%           58%         5


Dungeon Overview and Level Annotations

Branches:
Dungeon (3/15)

Altars:
Nemelex Xobeh


Innate Abilities, Weirdness & Mutations

You are resistant to torment.
Your stone body is resilient. (AC +3)
You are immune to poison.
You resist negative energy. (rN+)
You are resistant to electric shocks. (rElec)
You can survive without breathing.
You are immune to petrification.
You are immune to miasma.


Message History

The bullfrog zombie barely misses you.
You barely miss the bullfrog zombie.
The bullfrog zombie is severely damaged.
The bullfrog zombie barely misses you. The bullfrog zombie hits you.
You hit the bullfrog zombie but do no damage.
The bullfrog zombie is severely damaged.
The bullfrog zombie barely misses you.
You barely miss the bullfrog zombie.
The bullfrog zombie is severely damaged.
The bullfrog zombie hits you.
You closely miss the bullfrog zombie.
The bullfrog zombie is severely damaged.
The bullfrog zombie hits you.
* * * LOW HITPOINT WARNING * * *
The bullfrog zombie barely misses you. The bullfrog zombie hits you.
* * * LOW HITPOINT WARNING * * *
Your magical contamination has completely faded away.
The bullfrog zombie hits you.
You die...

..>.##.......... #.....
....##.......... #...†) ....#
#..... ...## #..... ..##
###### .## .# .# ..# .#
#####################...#
.####...........@Z..........#
......#######################
#######


You could see a bullfrog zombie.

Vanquished Creatures
  2 adders (D:3)
  An ooze (D:2)
  3 worms
  3 dart slugs
  5 leopard geckos
  4 orcs
  A ball python (D:3)
  8 bats
  12 giant cockroaches
  5 goblins
  5 hobgoblins
  A jackal (D:1)
  A kobold (D:1)
  2 frilled lizards
  7 rats
60 creatures vanquished.

Notes
Turn   | Place    | Note
-------+----------+-------------------------------------------
     0 | D:1      | Zeld the Gargoyle Earth Elementalist began the quest for
                  | the Orb.
     0 | D:1      | Reached XP level 1. HP: 10/10 MP: 3/3
   209 | D:1      | Reached XP level 2. HP: 15/15 MP: 1/5
   212 | D:1      | Learned a level 2 spell: Passwall
   283 | D:1      | Reached skill level 1 in Transmutations
   409 | D:1      | Reached skill level 4 in Earth Magic
   573 | D:1      | Reached XP level 3. HP: 18/19 MP: 1/6
   577 | D:1      | Learned a level 3 spell: Stone Arrow
  1064 | D:2      | Reached skill level 1 in Armour
  1408 | D:2      | Found a sparkling altar of Nemelex Xobeh.
  2321 | D:3      | Reached XP level 4. HP: 24/24 MP: 5/7
  2858 | D:3      | HP: 1/24 [bullfrog zombie (4)]
  2861 | D:3      | Slain by a bullfrog zombie

Illustrated notes

Levels and vault maps discovered:
D:1:      wander_arrival_peaceful_grave, layout_loops_ring,
          chequers_decorated_corner, st_stairs_2
D:2:      layout_basic, roderic_serpentine_path, nemelex_dance_club_becter
D:3:      minmay_general_purpose_star, layout_rooms, gup_sewer_entry_pipe

Skill      XL: |  1  2  3  4 |
---------------+-------------+-----
Transmutations | 1 |  1.0
Earth Magic    | 4 |  4.6
Armour         | 1 |  1.4
Dodging        | 2 |  2.0
Stealth        | |  2.8
Spellcasting   | |  2.8
Conjurations   | |  0.6

Action                   |  1- 3 |  4- 6 || total
-------------------------+-------+-------++-------
Melee: Unarmed           |    15 |    78 ||    93
 Cast: Sandblast         |    53 |    33 ||    86
       Stone Arrow       |       |     2 ||     2
 Stab: Sleeping          |       |     1 ||     1
Armor: Robe              |    16 |    38 ||    54
Dodge: Dodged            |    23 |    66 ||    89
